 Dungeon Crawl Stone Soup version 0.29-a0-876-gfc89b1a5bd (webtiles) character file.

Game seed: 7612099606993653188

86 buhh the Chopper (level 5, -6/42 (45) HPs)
             Began as a Meteoran Fighter on July 19, 2022.
             Mangled by a wight
             ... wielding a +2 flail
              (8 damage)
             ... on level 3 of the Dungeon.
             The game lasted 00:02:33 (1052 turns).

buhh the Chopper (Meteoran Fighter)                 Turns: 1052, Time: 00:02:34

HP:   -6/42 (45)    AC: 12    Str: 19    XL:     5   Next: 6%
MP:   6/6           EV:  9    Int: 10    God:
Gold: 121           SH:  5    Dex: 13    Spells: 4/4 levels left

rFire   . . .      SeeInvis .   d - +0 war axe
rCold   . . .      Faith    .   c - +0 buckler
rNeg    . . .      Spirit   .   b - +0 scale mail
rPois   .          Reflect  .   (no helmet)
rElec   .          Harm     .   (no cloak)
rCorr   .          Rampage  .   (no gloves)
Will    .....                   g - +0 pair of boots
Stlth   ..........              (no amulet)
HPRegen 0.14/turn               k - +4 ring of protection
MPRegen 0.10/turn               (no ring)

@: glowing, drained
A: sense surroundings 1, otherworldly, glowing, explore regen
a: no special abilities


You were on level 3 of the Dungeon.
You visited 1 branch of the dungeon, and saw 4 of its levels.

You collected 121 gold pieces.

Inventory:

Hand Weapons
 d - a +0 war axe (weapon)
Missiles
 e - 6 poisoned darts (quivered)
Armour
 b - a +0 scale mail (worn)
 c - a +0 buckler (worn)
 g - a +0 pair of boots (worn)
Jewellery
 h - a ring of fire
 k - a +4 ring of protection (left hand)
 p - a +4 ring of evasion
Wands
 D - a wand of paralysis (9)
Scrolls
 a - 4 scrolls of identify {!d}
 j - a scroll of enchant weapon {unknown}
 l - 3 scrolls of blinking {unknown}
 m - a scroll of immolation {unknown}
 o - a scroll of magic mapping {unknown}
Potions
 i - a potion of cancellation {unknown}
 n - a potion of brilliance {unknown}
 q - a potion of magic {!d}


   Skills:
 - Level 3.2 Fighting
 + Level 5.5 Axes
 - Level 3.6 Armour
 - Level 3.6 Shields


You had 4 spell levels left.
You didn't know any spells.
Your spell library was empty.

Dungeon Overview and Level Annotations

Branches:
Dungeon (4/15) Zot: 1311
 Temple: D:4-7

Altars:
Dithmenos


Innate Abilities, Weirdness & Mutations

You passively map a small area around you.
You are easily found by Zot.
You glow in the dark.
You regain HP and MP as you explore.


Message History

The orc shouts!
The orc moves out of view.
An orc is nearby!
An orc is nearby!
A wight comes into view.
It is wielding a +3 halberd of freezing.
A wight comes into view. It is wielding a +2 flail.
You barely miss the orc.
A wight comes into view. It is wielding a +5 great sword.
You block the orc's attack.
You closely miss the orc. The orc hits you but does no damage.
You block the orc's attack.
You closely miss the orc.
A wight comes into view. It is wielding a +3 trident.
The orc hits you with a +0 mace.
You barely miss the orc. The orc hits you but does no damage.
You completely miss the orc. The orc hits you but does no damage.
As you read the scroll labelled OXZEICS UDGHOH, it crumbles to dust.
It is a scroll of identify.
f - a potion of magic;
q - a potion of magic;
a - 4 scrolls of identify
d - a +0 war axe (weapon)
The orc hits you but does no damage.
You barely miss the orc. The orc hits you with a +0 mace. x2
You slash the orc!
You kill the orc!
The wight hits you from afar with a +3 trident.
You feel drained.
You closely miss the wight. The wight hits you but does no damage.
The wight hits you from afar with a +3 trident.
You feel drained.
You barely miss the wight.
The wight hits you from afar with a +3 trident!
* * * LOW HITPOINT WARNING * * *
The wight hits you with a +2 flail.
* * * LOW HITPOINT WARNING * * *
The wight attacks as you move away! The wight barely misses you.
The wight attacks as you move away! You block the wight's attack.
The wight attacks as you move away! The wight hits you with a +2 flail.
* * * LOW HITPOINT WARNING * * *
The wight attacks as you move away! The wight hits you with a +2 flail!
You die...

##......###...#
######.............
#>..###....).####..
#..........†....###
#...####.#.#......#
#...# #.#.###.....
##.## #.#.###.....
#.# #.#......###
#@# #.###<..##.#
#z# #.# #.#.#._.
##.## #.# ###.....
#..z# * ##....
#..z# * , ##...
#...#### ,,####
#...z..# ,* .
#...##z## , .
#...##..#,


You could see 4 wights.

Vanquished Creatures
  3 gnolls (D:2)
  2 adders (D:2)
  An orc (D:3)
  2 endoplasms
  4 giant cockroaches
  3 goblins
  3 hobgoblins
  3 jackals (D:3)
  6 kobolds
  4 ball pythons
  2 bats (D:2)
  3 frilled lizards
  4 rats
40 creatures vanquished.

Vanquished Creatures (others)
  A plant (D:1)
1 creature vanquished.

Grand Total: 41 creatures vanquished

Notes
Turn   | Place    | Note
-------+----------+-------------------------------------------
     0 | D:1      | buhh the Meteoran Fighter began the quest for the Orb.
     0 | D:1      | Reached XP level 1. HP: 19/19 MP: 2/2
    59 | D:1      | Reached skill level 3 in Axes
    59 | D:1      | Reached XP level 2. HP: 23/26 MP: 3/3
   329 | D:2      | Reached XP level 3. HP: 31/31 MP: 4/4
   340 | D:2      | Reached skill level 4 in Axes
   580 | D:2      | Reached XP level 4. HP: 38/38 MP: 5/5
   588 | D:2      | Reached skill level 5 in Axes
   924 | D:3      | Found a shadowy altar of Dithmenos.
   949 | D:3      | Reached XP level 5. HP: 44/45 MP: 6/6
  1049 | D:3      | HP: 2/42 [wight/+2 flail (6)]
  1052 | D:3      | Mangled by a wight

Illustrated notes

Levels and vault maps discovered:
D:1:      giann_bridges, layout_basic
D:2:      layout_loops_ring
D:3:      layout_rooms, nicolae_dithmenos_through_a_glass_darkly,
          basic_ecumenical_altar
D:4:      minmay_diamond_boxcup, layout_basic

Skill      XL: |  1  2  3  4 |
---------------+-------------+-----
Axes           | 3 4 5 |  5.5
Fighting       | |  3.2
Armour         | |  3.6
Shields        | |  3.6

Action                   |  1- 3 |  4- 6 || total
-------------------------+-------+-------++-------
Melee: War axe           |    53 |    54 ||   107
  Use: Potion            |       |     1 ||     1
       Scroll            |       |     1 ||     1
Armor: Scale mail        |    35 |    40 ||    75
Dodge: Dodged            |    20 |    21 ||    41
Block: Buckler           |    16 |    13 ||    29

Table legend: (Time is in decaauts)
 A = Elapsed time spent in this place.
 B = Non-inter-level travel time spent in this place.
 C = Inter-level travel time spent in this place.
 D = Time resting spent in this place.
 E = Time spent auto-exploring this place.
 F = Levels seen in this place.
 G = Mean time per level.
                   A        B        C        D        E       F      G
               +--------+--------+--------+--------+--------+-----+--------+
         Total |   1088 |   1040 |     48 |      0 |    608 |   4 |  272.0 |
       Dungeon |   1088 |   1040 |     48 |      0 |    608 |   4 |  272.0 |
               +--------+--------+--------+--------+--------+-----+--------+

Top non-repeatable levels by time:
     D:2: 531 daAuts
     D:1: 349 daAuts
     D:3: 205 daAuts
     D:4: 1 daAuts
